 Dungeon Crawl Stone Soup version 0.28.0 (webtiles) character file.

Game seed: 14928166247445759107

277 Sanktem7 the Covered (level 6, -2/53 HPs)
             Began as a Minotaur Fighter on Feb 11, 2022.
             Was a Believer of Kikubaaqudgha.
             Slain by a gnoll (5 damage)
             ... on level 3 of the Dungeon.
             The game lasted 00:03:29 (2101 turns).

Sanktem7 the Covered (Minotaur Fighter)             Turns: 2101, Time: 00:03:30

Health: -2/53      AC: 12    Str: 22    XL:     6   Next: 4%
Magic:  5/5        EV:  6    Int:  5    God:    Kikubaaqudgha [**....]
Gold:   64         SH:  4    Dex: 10    Spells: 5/5 levels left

rFire   . . .      SeeInvis .   a - +0 war axe
rCold   . . .      Faith    .   c - +0 buckler
rNeg    . . .      Spirit   .   h - +0 plate armour
rPois   +          Reflect  .   (helmet restricted)
rElec   .          Harm     .   (no cloak)
rCorr   .          Rampage  .   (no gloves)
Will    .....                   (no boots)
Stlth   ..........              (no amulet)
HPRegen 0.17/turn               m - ring of poison resistance
MPRegen 0.09/turn               (no ring)

@: no status effects
A: horns 2, retaliatory headbutt
a: Renounce Religion, Receive Corpses


You were on level 3 of the Dungeon.
You worshipped Kikubaaqudgha.
Kikubaaqudgha was pleased with you.
You visited 1 branch of the dungeon, and saw 3 of its levels.

You collected 169 gold pieces.
You spent 105 gold pieces at shops.

Inventory:

Hand Weapons
 a - a +0 war axe (weapon)
Armour
 b - a +0 scale mail
 c - a +0 buckler (worn)
 h - a +0 plate armour (worn)
Jewellery
 m - a ring of poison resistance (left hand)
Scrolls
 e - a scroll of vulnerability {unknown}
 g - a scroll of enchant armour {unknown}
 i - a scroll of acquirement {unknown}
 k - 2 scrolls of identify {unknown}
 l - a scroll of torment {unknown}
 n - a scroll of blinking {unknown}
Potions
 d - 2 potions of might
 f - a potion of curing {unknown}
 j - a potion of magic {unknown}


   Skills:
 + Level 4.6 Fighting
 + Level 5.2 Axes
 + Level 5.2 Armour
 + Level 1.0 Dodging
 + Level 4.3 Shields


You had 5 spell levels left.
You didn't know any spells.
Your spell library contained the following spells:

 Spells                   Type           Power      Damage    Failure   Level
 Animate Skeleton         Necr           0%         N/A       100%        1
 Beastly Appendage        Tmut           0%         N/A       100%        1
 Pain                     Necr           0%         1d4       100%        1
 Corpse Rot               Necr/Air       0%         N/A       100%        2
 Sublimation of Blood     Necr           0%         N/A       100%        2
 Wereblood                Tmut           0%         N/A       100%        2
 Spider Form              Tmut/Pois      0%         N/A       100%        3


Dungeon Overview and Level Annotations

Branches:
Dungeon (3/15)

Altars:
Kikubaaqudgha

Shops:
D:2 *

Annotations:
D:3 1 runed translucent door


Innate Abilities, Weirdness & Mutations

You have a pair of horns on your head.
You reflexively headbutt those who attack you in melee.


Message History

The gnoll shaman utters an invocation to its god.
The gnoll shaman is healed somewhat.
You slash the gnoll shaman! You headbutt the gnoll shaman.
The gnoll shaman is almost dead.
The gnoll barely misses you. The gnoll hits you but does no damage.
The gnoll shaman calls upon its god to speed up the gnoll.
The gnoll seems to speed up.
The gnoll barely misses you.
The gnoll hits you from afar with a +0 spear.
You hit the gnoll shaman.
You kill the gnoll shaman!
Kikubaaqudgha accepts your kill.
The gnoll hits you from afar with a +0 halberd!
The gnoll hits you from afar with a +0 spear!
The gnoll closely misses you.
You have reached level 6!
The gnoll barely misses you. The gnoll completely misses you.
You block the gnoll's attack.
The gnoll hits you from afar with a +0 halberd!
* * * LOW HITPOINT WARNING * * *
The gnoll barely misses you.
The gnoll hits you from afar with a +0 halberd!
* * * LOW HITPOINT WARNING * * *
You block the gnoll's attack. The gnoll closely misses you.
You block the gnoll's attack. The gnoll hits you but does no damage.
The gnoll completely misses you.
You hit the gnoll.
The gnoll is lightly wounded.
The gnoll hits you with a +0 halberd.
* * * LOW HITPOINT WARNING * * *
You block the gnoll's attack. The gnoll hits you but does no damage.
The gnoll hits you from afar with a +0 spear.
* * * LOW HITPOINT WARNING * * *
You closely miss the gnoll.
You headbutt the gnoll, but do no damage.
The gnoll is lightly wounded.
The gnoll barely misses you. You furiously retaliate!
You headbutt the gnoll! The gnoll hits you with a +0 halberd.
You die...
Kikubaaqudgha rasps: "You have failed me!
Welcome... death!"

#.# #........#... ...#
#.###.#.#...#.#.# #..#
...##.#.#...#.#.# #..#
#†###.#.#.......# #.)#
≈≈≈#..........≈.# #)†###
≈≈≈#.......≈...≈####....#
≈≈≈#....<.≈≈≈≈≈≈≈.......#
≈≈≈##†#....#.##.#######g#
≈(≈##........##.@gg...#g#
≈≈≈####.##.##########.#.#
≈≈≈#.....#..########.#..#
≈≈≈##.#.#...........###.#
≈≈≈#.##.#.....######.#.##
#+##...........# ##.##
...#.##.#..(..## #.#
#...#........## #.#
...###......## #.#


You could see 2 gnolls.

Vanquished Creatures
  The ghost of Heh the Sneak, an amateur OpBr (D:3)
  A gnoll shaman (D:3)
  3 adders
  A gnoll (D:3)
  A river rat (D:3)
  A white imp (D:3)
  2 worms
  4 dart slugs
  An orc (D:3)
  3 endoplasms (D:1)
  2 giant cockroaches
  7 goblins
  4 hobgoblins
  3 jackals
  7 kobolds
  A quokka (D:3)
  7 ball pythons
  3 bats
  3 frilled lizards
  6 rats
61 creatures vanquished.

Vanquished Creatures (others)
  2 fungi (D:2)
  5 toadstools (D:2)
7 creatures vanquished.

Grand Total: 68 creatures vanquished

Notes
Turn   | Place    | Note
-------+----------+-------------------------------------------
     0 | D:1      | Sanktem7 the Minotaur Fighter began the quest for the Orb.
     0 | D:1      | Reached XP level 1. HP: 19/19 MP: 0/0
    54 | D:1      | Reached XP level 2. HP: 24/27 MP: 1/1
   275 | D:1      | Found a faded altar of an unknown god.
   278 | D:1      | Noticed an eye of devastation
   279 | D:1      | Noticed a great orb of eyes
   279 | D:1      | Noticed an eye of devastation
   279 | D:1      | Noticed a shining eye
   331 | D:1      | Prayed at the altar of an unknown god.
   331 | D:1      | Became a worshipper of Kikubaaqudgha
   331 | D:1      | Reached * piety under Kikubaaqudgha
   331 | D:1      | Received a gift from Kikubaaqudgha
   719 | D:2      | Reached XP level 3. HP: 33/33 MP: 2/2
  1509 | D:2      | Reached XP level 4. HP: 40/40 MP: 3/3
  1638 | D:2      | Found Okaang's Assorted Antiques.
  1647 | D:2      | Reached ** piety under Kikubaaqudgha
  1651 | D:2      | Bought a diamond ring for 105 gold pieces
  1879 | D:3      | Found a runed translucent door.
  1890 | D:3      | Noticed Heh's ghost (amateur OpBr)
  1910 | D:3      | Killed Heh's ghost
  1911 | D:3      | Reached skill level 5 in Armour
  1911 | D:3      | Reached skill level 1 in Dodging
  1911 | D:3      | Reached XP level 5. HP: 40/47 MP: 4/4
  1915 | D:3      | Found a runed translucent door.
  1962 | D:3      | Reached skill level 5 in Axes
  2085 | D:3      | Reached XP level 6. HP: 21/53 MP: 5/5
  2101 | D:3      | Slain by a gnoll

Illustrated notes

Levels and vault maps discovered:
D:1:      dpeg_arrival_rooms_b, layout_loops_ring,
          hellmonk_ecumenical_altar_watching_god
D:2:      minmay_spotlight, layout_loops_cross, serial_shops,
          nicolae_shop_hallway_stairs, st_stairs_11, minmay_misc_feat_doors,
          minmay_gold_behind_fungi, kennysheep_nondescript
D:3:      layout_loops_ring, serial_rivers, chequers_serial_rivers_large_a,
          chequers_serial_rivers_micro_d, chequers_serial_rivers_marsh,
          chequers_serial_rivers_micro_e, chequers_serial_rivers_room_b,
          ebering_ghost_sewer_f

Skill      XL: |  1  2  3  4  5 |
---------------+----------------+-----
Fighting       | 4 |  4.6
Armour         | 4 5 |  5.2
Shields        | 4 |  4.3
Axes           | 3 4 5 |  5.2
Dodging        | 1 |  1.0

Action                   |  1- 3 |  4- 6 || total
-------------------------+-------+-------++-------
Melee: War axe           |    67 |    46 ||   113
       Headbutt          |    11 |    10 ||    21
Armor: Scale mail        |     7 |       ||     7
       Plate armour      |    39 |    36 ||    75
Dodge: Dodged            |    24 |    26 ||    50
Block: Buckler           |    12 |    15 ||    27
